 Dungeon Crawl Stone Soup version 0.17.2-1-ge4368a0 (webtiles) character file.

141 magog001 the Skirmisher (level 5, -10/47 HPs)
             Began as a Hill Orc Abyssal Knight on Nov 30, 2016.
             Was a Follower of Nemelex Xobeh.
             Killed from afar by a wretched star (27 damage)
             ... with an orb of energy
             ... on level 2 of the Abyss.
             The game lasted 00:15:15 (2425 turns).

magog001 the Skirmisher (Hill Orc Abyssal Knight)   Turns: 2425, Time: 00:15:20

Health: -10/47     AC:  5    Str: 14 (16) XL:     5   Next: 24%
Magic:  7/7        EV: 10    Int: 12      God:    Nemelex Xobeh [*.....]
Gold:   162        SH:  3    Dex: 10      Spells: 0 memorised, 4 levels left

rFire  . . .     SeeInvis .     s - +5 club
rCold  . . .     Clarity  .     h - +0 ring mail
rNeg   . . .     SustAt   .     n - +0 buckler
rPois  x         Gourm    .     (no helmet)
rElec  .         Spirit   .     (no cloak)
rCorr  .         Warding  .     (no gloves)
rMut   .         Stasis   .     (no boots)
MR     .....                    (no amulet)
Stlth  +.........               (no ring)
                                (no ring)

@: poison vulnerable, not resistant to hostile enchantments, very unstealthy
A: no striking features
a: Renounce Religion


You were on level 2 of the Abyss.
You worshipped Nemelex Xobeh.
Nemelex Xobeh was aware of your devotion.
You were not hungry.

You visited 1 branch of the dungeon, and saw 3 of its levels.
You visited the Abyss 2 times.

You collected 162 gold pieces.

Inventory:

Hand Weapons
 a - a +1 falchion
 p - a +0 hunting sling
 s - a +5 club (weapon)
Missiles
 o - 19 sling bullets
 z - 5 needles of paralysis
Armour
 b - a +0 leather armour
 h - a +0 ring mail (worn)
 k - a +0 robe
 n - a +0 buckler (worn)
 A - a +0 chain mail
Scrolls
 m - 2 scrolls of identify
 w - 2 scrolls of remove curse
Potions
 e - a potion of curing {unknown}
 g - a potion of agility {unknown}
 l - a potion of haste
 q - a potion of might {unknown}
 r - 2 potions of heal wounds
 t - a potion of cure mutation
Miscellaneous
 d - a plain deck of destruction {drawn: 1}
 i - a plain deck of war {drawn: 3}
Comestibles
 c - 3 bread rations
 v - a slice of pizza
 D - a meat ration


   Skills:
 * Level 4.6 Fighting
 * Level 2.6 Long Blades
 + Level 0.4 Maces & Flails
 * Level 3.4 Armour
 + Level 1.7 Dodging
 + Level 0.3 Stealth
 * Level 1.5 Shields
   Level 2.7 Invocations


You had 4 spell levels left.
You didn't know any spells.

Dungeon Overview and Level Annotations

Branches:
Dungeon (3/15)

Altars:
Nemelex Xobeh


Message History

You plunge deeper into the Abyss.
Found 23 gold pieces and a scroll of identify.
You now have 162 gold pieces (gained 23).
m - 2 scrolls of identify (gained 1) All of the chunks of flesh in your inventory have rotted away.
You start resting.
A wretched star comes into view.
You start resting.
You draw a card...
It is Venom.
You have drawn Venom.
Press: ? - help, Shift-Dir - straight line, f - wretched star
Aim: a wretched star The bolt of poison hits the wretched star.
The wretched star completely resists.
Releasing that poison leaves you vulnerable to poison.
The wretched star glows turbulently.
The orb of energy hits you!
Ouch! That really hurt!
You die...
Your body disappears without a glow.

##. #. .. #.....#
. . .#..........#
.# ...###
.........# ..# ...
#.##.........# ..#
.. .#......
≈.#.#...# .
..........##... #
.
..........*.....#
#
....#..####.###...
#.#.##.*@.#.# ##.
#..###.# ....## .*
..##### .# #. .


You could see a wretched star.

Vanquished Creatures
  Ijyb (D:2)
  Terence (D:3)
  2 adders (D:2)
  An ooze (D:1)
  2 worms
  2 giant geckos
  An orc (D:3)
  5 bats
  5 giant cockroaches
  5 hobgoblins
  3 jackals (D:1)
  A ball python (D:2)
  3 giant newts
  8 goblins
  9 kobolds
  9 rats
58 creatures vanquished.

Notes
Turn   | Place    | Note
--------------------------------------------------------------
     0 | Abyss:1  | magog001 the Hill Orc Abyssal Knight began the quest for the Orb.
     0 | Abyss:1  | Reached XP level 1. HP: 19/19 MP: 2/2
     3 | Abyss:1  | Found a corrupted altar of Lugonu.
    66 | Abyss:1  | Noticed a large abomination
    67 | D:1      | Escaped the Abyss
   234 | D:1      | Reached * piety under Lugonu
   386 | D:1      | Reached XP level 2. HP: 20/27 MP: 4/4
   677 | D:1      | Reached skill level 1 in Dodging
   683 | D:1      | Reached skill level 4 in Fighting
   846 | D:1      | Reached XP level 3. HP: 17/33 MP: 5/5
  1358 | D:2      | Found a sparkling altar of Nemelex Xobeh.
  1363 | D:2      | Fell from the grace of Lugonu
  1363 | D:2      | Became a worshipper of Nemelex Xobeh the Trickster
  1387 | D:2      | Noticed Ijyb
  1398 | D:2      | Killed Ijyb
  1398 | D:2      | Reached skill level 1 in Shields
  1398 | D:2      | Reached XP level 4. HP: 30/40 MP: 6/6
  1443 | D:2      | Received a gift from Nemelex Xobeh
  1555 | D:2      | Noticed a purple ugly thing
  1867 | D:2      | Noticed a large abomination
  1981 | D:3      | Reached * piety under Nemelex Xobeh
  2161 | D:3      | Received a gift from Nemelex Xobeh
  2163 | D:3      | Noticed Terence
  2167 | D:3      | Reached XP level 5. HP: 45/47 MP: 7/7
  2173 | D:3      | Killed Terence
  2351 | D:3      | Noticed a wretched star
  2351 | D:3      | Cast into the Abyss (Lugonu's touch)
  2351 | Abyss:1  | Found a corrupted altar of Lugonu.
  2381 | Abyss:1  | Noticed an efreet
  2392 | Abyss:1  | Found a corrupted altar of Lugonu.
  2417 | Abyss:2  | Noticed a wretched star
  2425 | Abyss:2  | Killed from afar by a wretched star

Action                   |  1- 3 |  4- 6 || total
-------------------------+-------+-------++-------
Melee: Falchion          |   127 |       ||   127
       Club              |       |    88 ||    88
Invok: Depart the Abyss  |     1 |       ||     1
Evoke: Deck              |       |     4 ||     4
  Use: Potion            |     1 |     5 ||     6
       Scroll            |       |     7 ||     7
  Eat: Bread ration      |     1 |       ||     1
       Chunk             |     1 |       ||     1
